 Dungeon Crawl Stone Soup version 0.27-a0-819-g058290f16d (webtiles) character file.

Game seed: 16835565953776840324

627 robertstho the Magician (level 7, -3/44 HPs)
             Began as a Djinni Fire Elementalist on Mar 29, 2021.
             Was an Initiate of Gozag.
             Slain by a hornet zombie (7 damage)
             ... on level 5 of the Dungeon.
             The game lasted 00:05:06 (4316 turns).

robertstho the Magician (Djinni Fire Elementalist)  Turns: 4316, Time: 00:05:08

Health: -3/44      AC:  2    Str:  7    XL:     7   Next: 48%
Gold:   214        EV: 12    Int: 18    God:    Gozag SH:  5 Dex: 14

rFire    + + .     SeeInvis +   m - +4 rapier (protect)
rCold    x . .     Faith    .   (no shield)
rNeg     . . .     Spirit   .   a - +0 robe
rPois    ∞         Reflect  +   (no helmet)
rElec    .         Harm     .   (no cloak)
rCorr    +         Rampage  .   (no gloves)
Will     .....                  (boots unavailable)
Stlth    ++........             k - amulet of reflection
HPRegen  0.14/turn              g - ring of see invisible
MPRegen  0.00/turn              b - ring of resist corrosion

@: flying, very slightly contaminated, invisible
A: fire resistance 2, cold vulnerability 1, float, innate caster, hp casting,
extra vitality 1, frail 1, wild magic 1
a: Renounce Religion, Potion Petition, Call Merchant, Bribe Branch


You were on level 5 of the Dungeon.
You worshipped Gozag.
Gozag was aware of your devotion.
You visited 1 branch of the dungeon, and saw 5 of its levels.

You collected 253 gold pieces.
You paid 39 gold pieces to Gozag.

Inventory:

Hand Weapons
 c - a +2 vampiric short sword
 h - a +2 spear of flaming
 j - a +0 short sword of draining
 m - a +4 rapier of protection (weapon)
Armour
 a - a +0 robe (worn)
Jewellery
 b - a ring of resist corrosion (right hand)
 g - a ring of see invisible (left hand)
 k - an amulet of reflection (around neck)
 l - a ring of protection from cold
Scrolls
 e - 2 scrolls of fear
Potions
 f - a potion of curing
 o - a potion of haste {unknown}


   Skills:
 * Level 2.4 Fighting
 + Level 2.7 Dodging
 + Level 2.5 Stealth
 * Level 6.3 Spellcasting


You couldn't memorise any spells.
You knew the following spells:

 Your Spells              Type           Power      Damage    Failure   Level
a - Foxfire               Conj/Fire      100%       2x1d9     1%          1
b - Conjure Flame         Conj/Fire      37%        6-21      4%          3
c - Inner Flame           Hex/Fire       37%        N/A       4%          3
d - Sticky Flame          Conj/Fire      37%        2d6       13%         4
e - Fireball              Conj/Fire      18%        3d9       32%         5
f - Animate Skeleton      Necr           74%        N/A       1%          1
g - Call Imp              Summ           37%        N/A       2%          2
h - Poisonous Vapours     Pois/Air       74%        N/A       2%          2
Your spell library was empty.

Dungeon Overview and Level Annotations

Branches:
Dungeon (5/15)
 Temple: D:4-7

Altars:
Elyvilon
Gozag
Hepliaklqana
Sif Muna
Xom
Zin

Annotations:
D:4 3 runed translucent doors, stormannn's ghost, novice DjWz


Innate Abilities, Weirdness & Mutations

You are immune to poison.
Your flesh is very heat resistant. (rF++)
You are vulnerable to cold. (rC-)
You float through the air rather than walking.
You learn spells naturally, not from books.
Your magical power is your life essence.
You have superior vitality. (+4 HP)
You are frail. (-10% HP)
Your spells are a little harder to cast, but a little more powerful.


Message History

The foxfire hits the hornet zombie but does no damage.
Casting: Foxfire (safe; 1% risk of failure)
Confirm with . or Enter, or press ? or * to list all spells.
You conjure some foxfire!
The hornet zombie hits you!
Your foxfire dissipates!
The foxfire hits the hornet zombie.
The hornet zombie is lightly damaged.
The foxfire hits the hornet zombie.
The hornet zombie is moderately damaged.
The hornet zombie hits you! You block the hornet zombie's attack.
Unknown command.
Casting: Foxfire (safe; 1% risk of failure)
Confirm with . or Enter, or press ? or * to list all spells.
Aiming: Sticky Flame (dangerous; 9% risk of failure)
Press: ? - help, Shift-Dir - straight line, f - hornet zombie
Aim: a hornet zombie (moderately damaged, 0% to evade)
You miscast Sticky Flame.
You are very lightly contaminated with residual magic.
You feel a strange surge of energy! The hornet zombie hits you!
* * * LOW HITPOINT WARNING * * *
You feel better. The hornet zombie barely misses you.
As you read the scroll labelled JURPHI FU FEIMN, it crumbles to dust.
It is a scroll of amnesia.
You feel forgetful for a moment. You block the hornet zombie's attack.
As you read the scroll labelled UWOBBE EBUONOW, it crumbles to dust.
You assume a fearsome visage.
The hornet zombie is unaffected.
It was a scroll of fear.
The hornet zombie barely misses you. The hornet zombie hits you.
* * * LOW HITPOINT WARNING * * *
You feel better. You block the hornet zombie's attack.
It was a potion of mutation.
You feel extremely strange.
You feel frail.
You feel less in control of your magic. You block the hornet zombie's attack.
It was a potion of invisibility.
You fade into invisibility!
The hornet zombie hits you!
* * * LOW HITPOINT WARNING * * *
The hornet zombie hits you!
You die...
Your body crumbles into a pile of gold.

### ########
#######.######......##
.............#.......#
.####.....##....###..#
#.....##.#..'_#
#.....##.#.@###
#.####.....##.#..Z....#
.............<.........>
#.######..###.##......##
#.######..#........####
..........#........#
######.##.#... ....#
######.............#
#.......#.#...


You could see a hornet zombie.

Vanquished Creatures
  Eustachio (D:4)
  A phantom (D:4)
  A water moccasin zombie (D:5)
  A scorpion (D:5)
  A bullfrog skeleton (D:5)
  2 hounds (D:4)
  A centaur skeleton (D:5)
  An iguana (D:4)
  A hound skeleton (D:4)
  4 gnolls (D:2)
  5 adders
  A worm (D:4)
  A dart slug (D:1)
  An orc (D:3)
  5 bats
  8 endoplasms
  A giant cockroach (D:2)
  6 goblins
  3 hobgoblins
  8 jackals
  8 kobolds
  5 quokkas
  3 ball pythons (D:1)
  A frilled lizard (D:1)
  7 rats
77 creatures vanquished.

Vanquished Creatures (others)
  327 foxfires
  A fungus (D:4)
  3 plants (D:4)
331 creatures vanquished.

Grand Total: 408 creatures vanquished

Notes
Turn   | Place    | Note
-------+----------+-------------------------------------------
     0 | D:1      | robertstho the Djinni Fire Elementalist began the quest for
                  | the Orb.
     0 | D:1      | Reached XP level 1. HP: 15/15 MP: 0/0
   443 | D:1      | Reached skill level 3 in Spellcasting
   443 | D:1      | Reached XP level 2. HP: 19/21 MP: 0/0
  1038 | D:1      | Reached XP level 3. HP: 24/25 MP: 0/0
  1038 | D:1      | Learned a level 1 spell: Animate Skeleton
  1674 | D:2      | Found a faded altar of an unknown god.
  2196 | D:2      | Reached XP level 4. HP: 28/31 MP: 0/0
  2457 | D:2      | Reached skill level 1 in Fighting
  2457 | D:2      | Reached skill level 4 in Spellcasting
  2542 | D:2      | Reached XP level 5. HP: 22/37 MP: 0/0
  2542 | D:2      | Learned a level 2 spell: Call Imp
  3066 | D:3      | Found a shimmering altar of Xom.
  3094 | D:3      | You are sucked into a shaft and drop 1 floor!
  3284 | D:3      | Found a hazy altar of Hepliaklqana.
  3284 | D:3      | Found a glowing silver altar of Zin.
  3337 | D:3      | Found an opulent altar of Gozag.
  3345 | D:3      | Became a worshipper of Gozag Ym Sagoz the Greedy
  3397 | D:4      | Noticed Eustachio
  3412 | D:4      | Killed Eustachio
  3413 | D:4      | Reached skill level 5 in Spellcasting
  3413 | D:4      | Reached XP level 6. HP: 22/43 MP: 0/0
  3578 | D:4      | Found a runed translucent gate.
  3578 | D:4      | Found a runed translucent gate.
  3578 | D:4      | Found a runed translucent gate.
  3580 | D:4      | Noticed stormannn's ghost (novice DjWz)
  3642 | D:4      | Reached XP level 7. HP: 46/49 MP: 0/0
  3642 | D:4      | Learned a level 2 spell: Poisonous Vapours
  4037 | D:5      | Entered Level 5 of the Dungeon
  4145 | D:5      | Reached skill level 6 in Spellcasting
  4303 | D:5      | Found a white marble altar of Elyvilon.
  4315 | D:5      | Gained mutation: You are frail. (-10% HP) [potion of
                  | mutation]
  4315 | D:5      | Gained mutation: Your spells are a little harder to cast,
                  | but a little more powerful. [potion of mutation]
  4316 | D:5      | Slain by a hornet zombie

Illustrated notes

Levels and vault maps discovered:
D:1:      lemuel_arrival_muddy, layout_basic
D:2:      layout_rooms, lemuel_blue_sif_altar, chequers_ecumenical_altar_island
D:3:      layout_basic, brannock_xom_greatest_gift,
          nicolae_overflow_hidden_temple, amethyst_overflow_temple_binary,
          grunt_decor_fettered, uniq_ijyb
D:4:      layout_cave_pools, gammafunk_ghost_nasty_kobolds, uniq_eustachio
D:5:      minmay_bubble_buster, layout_basic, kennysheep_mini_moat,
          minmay_temple_entry_large_hall, gammafunk_ghost_icy, st_stairs_8

Skill      XL: |  1  2  3  4  5  6  7 |
---------------+----------------------+-----
Spellcasting   | 3 4 5 6 |  6.3
Fighting       | 1 2 |  2.4
Stealth        | 2 |  2.5
Dodging        | |  2.7

Action                   |  1- 3 |  4- 6 |  7- 9 || total
-------------------------+-------+-------+-------++-------
Melee: Spear             |       |     2 |       ||     2
       Rapier            |       |       |     3 ||     3
 Cast: Foxfire           |    76 |    84 |    31 ||   191
       Sticky Flame      |       |     1 |     1 ||     2
  Use: Scroll            |     2 |     1 |     2 ||     5
       Potion            |       |       |     4 ||     4
Armor: Robe              |     3 |     3 |     1 ||     7
Dodge: Dodged            |    15 |    12 |     8 ||    35
Block: Other             |       |     3 |     5 ||     8
       Reflection        |       |       |     1 ||     1

Table legend: (Time is in decaauts)
 A = Elapsed time spent in this place.
 B = Non-inter-level travel time spent in this place.
 C = Inter-level travel time spent in this place.
 D = Time resting spent in this place.
 E = Time spent auto-exploring this place.
 F = Levels seen in this place.
 G = Mean time per level.
                   A        B        C        D        E       F      G
               +--------+--------+--------+--------+--------+-----+--------+
         Total |   4314 |   4235 |     79 |    272 |   3406 |   5 |  862.8 |
       Dungeon |   4314 |   4235 |     79 |    272 |   3406 |   5 |  862.8 |
               +--------+--------+--------+--------+--------+-----+--------+

Top non-repeatable levels by time:
     D:1: 1629 daAuts
     D:2: 1128 daAuts
     D:4: 870 daAuts
     D:3: 406 daAuts
     D:5: 278 daAuts
